 Dungeon Crawl Stone Soup version 0.31-a0-162-gc4c5a43528 (webtiles) character file.

Game seed: 11782566693104572213

193 qw the Shooter (level 5, -31/49 HPs)
             Began as a Naga Hunter on June 12, 2023.
             Annihilated by Menkaure (43 damage)
             ... on level 4 of the Dungeon.
             The game lasted 00:01:06 (3191 turns).

qw the Shooter (Naga Hunter)                        Turns: 3191, Time: 00:01:07

Health: -31/49     AC:  4    Str: 14    XL:     5   Next: 72%
Magic:  5/5        EV:  1    Int:  9    God:
Gold:   142        SH:  0    Dex: 22    Spells: 4/4 levels left

rFire   . . .        Y - +0 shortbow
rCold   + . .        (shield currently unavailable)
rNeg    . . .        c - +0 leather armour
rPois   +            f - +0 helmet
rElec   .            (no cloak)
rCorr   .            (no gloves)
SInv    +            (no barding)
Will    .....        (no amulet)
Stlth   ++           h - ring of protection from cold
HPRegen 1.08/turn    j - +6 ring of dexterity
MPRegen 0.09/turn

%: no passive effects
@: short of breath, sleeping, very slow
A: AC +1, large, see invisible, deformed body, poison resistance, slowness 2,
spit poison 1, naga tail 1, regeneration 1, MP-powered wands
a: Spit Poison


You were on level 4 of the Dungeon.
You visited 1 branch of the dungeon, and saw 4 of its levels.

You collected 142 gold pieces.


Innate Abilities, Weirdness & Mutations

Your serpentine skin is tough. (AC +1)
You have supernaturally acute eyesight. (SInv)
Armour fits poorly on your strangely shaped body.
Your system is resistant to poisons. (rPois)
You cover ground very slowly.
You can spit poison.
You have a snake-like lower body.
Your natural rate of healing is unusually fast.
You expend magic power (3 MP) to strengthen your wands.


   Skills:
 - Level 3.0 Fighting
 + Level 5.4 Ranged Weapons
 - Level 2.2 Dodging
 - Level 1.5 Stealth


You had 4 spell levels left.
You didn't know any spells.
Your spell library was empty.

Inventory:

Hand Weapons
 Y - a +0 shortbow (weapon)
Armour
 c - a +0 leather armour (worn)
 f - a +0 helmet (worn)
Jewellery
 h - a ring of protection from cold (left hand)
 j - a +6 ring of dexterity (right hand)
Scrolls
 a - 2 scrolls of teleportation
 g - a scroll of enchant armour {unknown}
Potions
 b - a potion of mutation
 d - a potion of curing {unknown}
 e - a potion of heal wounds
 k - a potion of might
 l - a potion of lignification {unknown}

Dungeon Overview and Level Annotations

Branches:
Dungeon (4/15)
 Temple: D:4-7

Altars:
Zin

Shops:
D:1 (

Annotations:
D:4 Menkaure


Message History

The sleepcap barely misses you.
Menkaure gestures at you while chanting.
Pain shoots through your body!
You shoot an arrow.
The arrow hits the sleepcap but does no damage.
The sleepcap is severely damaged.
You have got your breath back.
The sleepcap misses you. The sleepcap releases spores at you.
You are engulfed in a cloud of soporific spores!
You fall asleep.
Menkaure gestures ominously.
Menkaure mumbles some strange words.
Menkaure seems to speed up.
The sleepcap releases spores at you!
You wake up.
You are engulfed in a cloud of soporific spores!
You are unaffected.
3187 ||| INVOKING Spit Poison.
Aiming: Spit Poison (1% risk of failure)
Press: ? - help, Shift-Dir - straight line, f - jackal, p - sleepcap The splash of poison misses the jackal.
The sleepcap releases spores at you.
You shoot an arrow.
The arrow hits the sleepcap but does no damage.
The sleepcap is severely damaged.
The jackal closely misses you.
The jackal bites you but does no damage.
The sleepcap barely misses you.
You shoot an arrow. The arrow hits the sleepcap.
The sleepcap is severely damaged.
The jackal bites you. The sleepcap releases spores at you!
You are engulfed in a cloud of soporific spores!
You are unaffected.
You shoot an arrow. The arrow hits the sleepcap.
The sleepcap is almost destroyed.
The jackal barely misses you. Menkaure misses you.
The jackal barely misses you. The sleepcap releases spores at you!
You are engulfed in a cloud of soporific spores!
You fall asleep.
Menkaure hits you!!!
Ouch! That really hurt!
You die...

# #....# #
##...## #
#....# .
##...## #
##..?.# #
#....##
##....##
#####......#
#.....@....#
......hfM...#
...?.......##
..........##
.........##
......%..#
........##
.........


You could see a sleepcap, Menkaure (fast) and a jackal.

Vanquished Creatures
  A hound (D:4)
  An orc wizard (D:4)
  3 adders
  3 dart slugs
  10 orcs
  3 endoplasms
  3 giant cockroaches
  12 goblins
  10 hobgoblins
  5 jackals
  12 kobolds
  3 quokkas
  7 ball pythons
  6 bats
  4 frilled lizards
  8 rats
91 creatures vanquished.

Notes
Turn   | Place    | Note
-------+----------+-------------------------------------------
     0 | D:1      | qw the Naga Hunter began the quest for the Orb.
     0 | D:1      | Reached XP level 1. HP: 19/19 MP: 1/1
     0 | D:1      | 0 ||| qw: Version: 0.2-a-29-gc1b59c4
     0 | D:1      | 0 ||| qw: Game counter: 4331
     0 | D:1      | 0 ||| qw: Always use a shield: true
     0 | D:1      | 0 ||| qw: God list: Okawaru
     0 | D:1      | 0 ||| qw: Allow faded altars: false
     0 | D:1      | 0 ||| qw: Do Orc after D:15 true
     0 | D:1      | 0 ||| qw: Do second Lair branch before Depths: true
     0 | D:1      | 0 ||| qw: Lair rune preference: random
     0 | D:1      | 0 ||| qw: Plans: Normal
     0 | D:1      | 0 ||| PLANNING D:1-11
    13 | D:1      | 13 ||| INVOKING Spit Poison.
    43 | D:1      | 43 ||| INVOKING Spit Poison.
    48 | D:1      | 48 ||| INVOKING Spit Poison.
   162 | D:1      | 162 ||| INVOKING Spit Poison.
   165 | D:1      | Reached skill level 4 in Ranged Weapons
   165 | D:1      | Reached XP level 2. HP: 26/26 MP: 2/2
   165 | D:1      | 165 ||| INVOKING Spit Poison.
   193 | D:1      | 193 ||| INVOKING Spit Poison.
   224 | D:1      | 224 ||| INVOKING Spit Poison.
   225 | D:1      | 225 ||| INVOKING Spit Poison.
   315 | D:1      | 315 ||| INVOKING Spit Poison.
   377 | D:1      | 377 ||| INVOKING Spit Poison.
   381 | D:1      | 381 ||| INVOKING Spit Poison.
   448 | D:1      | 448 ||| INVOKING Spit Poison.
   459 | D:1      | 459 ||| INVOKING Spit Poison.
   504 | D:1      | 504 ||| INVOKING Spit Poison.
   604 | D:1      | 604 ||| INVOKING Spit Poison.
   606 | D:1      | Reached XP level 3. HP: 32/32 MP: 3/3
   618 | D:1      | Found Ronol's Antique Weapon Boutique.
   622 | D:1      | 622 ||| INVOKING Spit Poison.
   630 | D:1      | 630 ||| INVOKING Spit Poison.
   641 | D:1      | 641 ||| INVOKING Spit Poison.
   673 | D:1      | 673 ||| INVOKING Spit Poison.
   719 | D:1      | 719 ||| INVOKING Spit Poison.
   977 | D:1      | 977 ||| INVOKING Spit Poison.
   980 | D:1      | 980 ||| INVOKING Spit Poison.
  1022 | D:1      | 1022 ||| UPGRADING to +0 helmet.
  1027 | D:1      | 1027 ||| UPGRADING to ring of protection from cold.
  1028 | D:1      | 1028 ||| UPGRADING to +6 ring of dexterity.
  1029 | D:1      | 1029 ||| READING scroll labelled RICYZX VIMO.
  1033 | D:1      | 1033 ||| READING scroll labelled FOESUNK OSUE.
  1034 | D:1      | 1034 ||| READING scroll labelled DEQOUT LASKIBB.
  1035 | D:1      | 1035 ||| DRINKING 2 brown potions.
  1036 | D:1      | 1036 ||| DROPPING scroll of butterflies.
  1067 | D:2      | Found a glowing silver altar of Zin.
  1086 | D:2      | 1086 ||| INVOKING Spit Poison.
  1133 | D:2      | 1133 ||| INVOKING Spit Poison.
  1211 | D:2      | 1211 ||| INVOKING Spit Poison.
  1296 | D:2      | 1296 ||| INVOKING Spit Poison.
  1455 | D:2      | 1455 ||| INVOKING Spit Poison.
  1456 | D:2      | Reached skill level 5 in Ranged Weapons
  1485 | D:2      | 1485 ||| INVOKING Spit Poison.
  1486 | D:2      | Reached XP level 4. HP: 39/39 MP: 4/4
  1631 | D:2      | 1631 ||| INVOKING Spit Poison.
  1667 | D:2      | 1667 ||| INVOKING Spit Poison.
  1709 | D:2      | 1709 ||| INVOKING Spit Poison.
  1731 | D:2      | Found a faded altar of an unknown god.
  1866 | D:2      | 1866 ||| INVOKING Spit Poison.
  2025 | D:2      | 2025 ||| DROPPING scarf of harm.
  2026 | D:2      | 2026 ||| READING 3 scrolls labelled YFISUF ELEC.
  2027 | D:2      | 2027 ||| READING scroll labelled IKORCH NISECS.
  2028 | D:2      | 2028 ||| DROPPING 2 scrolls of revelation.
  2048 | D:3      | 2048 ||| INVOKING Spit Poison.
  2057 | D:3      | 2057 ||| INVOKING Spit Poison.
  2099 | D:3      | 2099 ||| INVOKING Spit Poison.
  2103 | D:3      | 2103 ||| INVOKING Spit Poison.
  2106 | D:3      | 2106 ||| INVOKING Spit Poison.
  2110 | D:3      | 2110 ||| INVOKING Spit Poison.
  2116 | D:3      | 2116 ||| INVOKING Spit Poison.
  2123 | D:3      | 2123 ||| INVOKING Spit Poison.
  2150 | D:3      | 2150 ||| INVOKING Spit Poison.
  2231 | D:3      | 2231 ||| INVOKING Spit Poison.
  2347 | D:3      | 2347 ||| INVOKING Spit Poison.
  2353 | D:3      | 2353 ||| INVOKING Spit Poison.
  2358 | D:3      | 2358 ||| INVOKING Spit Poison.
  2384 | D:3      | 2384 ||| INVOKING Spit Poison.
  2449 | D:3      | 2449 ||| INVOKING Spit Poison.
  2574 | D:3      | 2574 ||| INVOKING Spit Poison.
  2579 | D:3      | Reached skill level 3 in Fighting
  2629 | D:3      | 2629 ||| INVOKING Spit Poison.
  2732 | D:3      | 2732 ||| FLEEEEING.
  2750 | D:3      | 2750 ||| READING scroll labelled YKOIXT VEXE.
  2751 | D:3      | 2751 ||| READING scroll labelled SEOMEI VATACHO.
  2752 | D:3      | 2752 ||| DRINKING 2 bubbling inky potions.
  2752 | D:3      | Gained mutation: Your natural rate of healing is unusually
                  | fast. [potion of mutation]
  2752 | D:3      | Gained mutation: You expend magic power (3 MP) to
                  | strengthen your wands. [potion of mutation]
  2753 | D:3      | 2753 ||| DRINKING 2 white potions.
  2770 | D:4      | 2770 ||| PLANNING OSSUARY
  2817 | D:4      | 2817 ||| INVOKING Spit Poison.
  2826 | D:4      | 2826 ||| INVOKING Spit Poison.
  2827 | D:4      | Reached XP level 5. HP: 49/49 MP: 5/5
  2833 | D:4      | 2833 ||| INVOKING Spit Poison.
  2840 | D:4      | 2840 ||| INVOKING Spit Poison.
  2845 | D:4      | 2845 ||| INVOKING Spit Poison.
  2959 | D:4      | 2959 ||| INVOKING Spit Poison.
  2964 | D:4      | 2964 ||| INVOKING Spit Poison.
  3067 | D:4      | 3067 ||| INVOKING Spit Poison.
  3073 | D:4      | 3073 ||| INVOKING Spit Poison.
  3176 | D:4      | 3176 ||| INVOKING Spit Poison.
  3180 | D:4      | 3180 ||| INVOKING Spit Poison.
  3181 | D:4      | Noticed Menkaure
  3187 | D:4      | 3187 ||| INVOKING Spit Poison.
  3190 | D:4      | HP: 11/49 [sleepcap (8)]
  3191 | D:4      | Annihilated by Menkaure

Levels and vault maps discovered:
D:1:      erik_arrival_cave_to_civilisation [erik_arrival_cave_to_hall],
          layout_loops_corners, serial_shops, shop
D:2:      layout_basic, chequers_ecumenical_altar_grove, basic_altar,
          kennysheep_cross_room
D:3:      layout_basic
D:4:      layout_cave_pods, enter_ossuary_3, uniq_menkaure

Skill      XL: |  1  2  3  4 |
---------------+-------------+-----
Ranged Weapons | 4 5 |  5.4
Fighting       | 3 |  3.0
Dodging        | 2 |  2.2
Stealth        | |  1.5

Action                     |  1- 3 |  4- 6 || total
---------------------------+-------+-------++-------
   Fire: Shortbow          |    63 |   103 ||   166
Ability: Spit Poison       |    27 |    33 ||    60
    Use: Scroll            |     3 |     4 ||     7
         Potion            |     1 |     2 ||     3
 Armour: Leather armour    |     1 |    13 ||    14
  Dodge: Dodged            |     7 |    28 ||    35

Table legend:
 A = Non-vault XP
 B = Vault XP
 C = Vault XP percentage of total XP
 D = Non-vault monster count
 E = Vault monster count
 F = Vault count percentage of total count
                 A         B        C        D         E       F
            +---------+---------+-------+---------+---------+-------
      Total |     273 |       3 |   1.1 |      89 |       2 |   2.2
            +---------+---------+-------+---------+---------+-------
        D:1 |      50 |       3 |   5.7 |      31 |       2 |   6.1
        D:2 |      44 |       0 |   0.0 |      17 |       0 |   0.0
        D:3 |      57 |       0 |   0.0 |      19 |       0 |   0.0
        D:4 |     122 |       0 |   0.0 |      22 |       0 |   0.0
            +---------+---------+-------+---------+---------+-------
